 Dungeon Crawl Stone Soup version 0.30.1-8-g117510f58f (webtiles) character file.

Game seed: 8458298404566061110

112 NullDivider the Stinger (level 4, -6/27 HPs)
             Began as an Octopode Venom Mage on Sept 22, 2023.
             Mangled by a gnoll
             ... wielding a +0 halberd
              (15 damage)
             ... on level 3 of the Dungeon.
             The game lasted 00:08:54 (2073 turns).

NullDivider the Stinger (Octopode Venom Mage)       Turns: 2073, Time: 00:08:55

Health: -6/27      AC:  1    Str:  7    XL:     4   Next: 95%
Magic:  5/8        EV: 14    Int: 17    God:
Gold:   118        SH:  0    Dex: 14    Spells: 2/8 levels left

rFire   . . .        m - +2 short sword (protect)
rCold   . . .        (no shield)
rNeg    . . .        (helmet restricted)
rPois   .            (no amulet)
rElec   .            (no ring)
rCorr   .            (no ring)
SInv    .            (no ring)
Will    .....        (no ring)
Stlth   ++++         (no ring)
HPRegen 0.24/turn    (no ring)
MPRegen 0.11/turn    (no ring)
                     (no ring)

%: no passive effects
@: no status effects
A: almost no armour, amphibious, 8 rings, camouflage 1, gelatinous body 1,
(nimble swimmer 1), tentacles
a: no special abilities


You were on level 3 of the Dungeon.
You visited 1 branch of the dungeon, and saw 3 of its levels.

You collected 118 gold pieces.

Inventory:

Hand Weapons
 m - a +2 short sword of protection (weapon)
Scrolls
 b - a scroll of poison {unknown}
 f - 2 scrolls of amnesia {unknown}
 g - 2 scrolls of identify {unknown}
 h - a scroll of teleportation {unknown}
 i - a scroll of magic mapping {unknown}
 j - 2 scrolls of vulnerability {unknown}
 k - a scroll of blinking {unknown}
Potions
 a - 2 potions of magic
 c - 3 potions of might {unknown}
 d - a potion of cancellation {unknown}
 e - a potion of lignification {unknown}
 l - a potion of brilliance {unknown}


   Skills:
 + Level 0.1 Short Blades
 + Level 2.9 Dodging
 + Level 4.0 Stealth
 + Level 2.8 Spellcasting
 - Level 1.0 Transmutations
 + Level 0.5 Air Magic
 + Level 4.4 Poison Magic


You had 2 spell levels left.
You knew the following spells:

 Your Spells              Type           Power      Damage    Failure   Level
a - Sting                 Tmut/Pois      44%        1d5       6%          1
b - Poisonous Vapours     Pois/Air       22%        N/A       10%         2
c - Mephitic Cloud        Conj/Pois/Air  8%         N/A       26%         3

Your spell library contained the following spells:

 Spells                   Type           Power      Damage    Failure   Level
 Olgreb's Toxic Radiance  Pois           17%        N/A       28%         4


Dungeon Overview and Level Annotations

Branches:
Dungeon (3/15)

Altars:
Cheibriados
Kikubaaqudgha


Innate Abilities, Weirdness & Mutations

You cannot wear most types of armour.
You are amphibious.
You can wear up to eight rings at the same time.
Your skin changes colour to match your surroundings (Stealth+).
Your rubbery body absorbs attacks. (AC +1, EV +1)
((You are camouflaged when in or above water. (Stealth+)))
You have tentacles for arms and can constrict up to eight enemies at once.


Message History

Found an escape hatch in the ceiling.
A hobgoblin comes into view.
You hit the hobgoblin but do no damage.
Your weapon exudes an aura of protection.
You grab the hobgoblin. You squeeze the hobgoblin.
You kill the hobgoblin!
You now have 118 gold pieces (gained 20).
A gnoll and a frilled lizard come into view.
You closely miss the gnoll.
The gnoll shouts!
Your grab misses the gnoll.
The frilled lizard hisses angrily.
You hear a shout!
The gnoll barely misses you.
Casting: Sting (safe; 6% risk of failure)
Confirm with . or Enter, or press ? or * to list all spells.
Aiming: Sting (safe; 6% risk of failure)
Press: ? - help, Shift-Dir - straight line, f - gnoll
Aim: a gnoll, wielding a +0 halberd (75% to hit)
The sting hits the gnoll.
The gnoll is poisoned.
The gnoll is moderately wounded.
The frilled lizard bites you. The gnoll closely misses you.
An endoplasm comes into view.
The frilled lizard attacks as you move away!
The frilled lizard bites you. The gnoll misses you.
Casting: Sting (safe; 6% risk of failure)
Confirm with . or Enter, or press ? or * to list all spells.
Aiming: Poisonous Vapours (safe; 10% risk of failure)
Press: ? - help, Dir - move target, f/p - gnoll
Aim: a gnoll, wielding a +0 halberd (moderately wounded, poisoned) Poisonous vapours surround the gnoll!
The gnoll looks even sicker.
The gnoll misses you. The frilled lizard misses you.
The frilled lizard bites you but does no damage.
The gnoll closely misses you. The frilled lizard bites you.
The gnoll hits you from afar with a +0 halberd!
Ouch! That really hurt!
You closely miss the frilled lizard. Your grab misses the frilled lizard.
The gnoll hits you from afar with a +0 halberd!
Ouch! That really hurt!
You die...

######.#.......#.####....#
#..............# . #..###
######.####.....#...#
#..##### .....#.#
#.........# #......#
..####.# #..####...#
####.####.# ..# #.#
#.........# #....#
..####.####.######..#
#.####
...............#....###.#
..####.#####.#.#@##.....#
...# #.......# #l########
##.# ######### #g# ##.#
............... ##.#
'##.....####### ##.#
J.......# ##.# ........#
.).# ........# ...#
....#####


You could see a gnoll (very poisoned) and a frilled lizard.

Vanquished Creatures
  A jelly (D:2)
  2 adders (D:2)
  2 worms
  2 dart slugs
  2 orcs
  7 bats
  4 endoplasms
  A giant cockroach (D:1)
  9 hobgoblins
  2 kobolds
  4 ball pythons
  2 frilled lizards
  5 goblins (D:1)
  3 rats (D:3)
46 creatures vanquished.

Notes
Turn   | Place    | Note
-------+----------+-------------------------------------------
     0 | D:1      | NullDivider the Octopode Venom Mage began the quest for the
                  | Orb.
     0 | D:1      | Reached XP level 1. HP: 11/11 MP: 3/3
    95 | D:1      | Reached XP level 2. HP: 17/17 MP: 3/5
   119 | D:1      | Learned a level 2 spell: Poisonous Vapours
   612 | D:1      | Reached XP level 3. HP: 21/21 MP: 4/6
   919 | D:2      | Reached XP level 4. HP: 19/27 MP: 1/7
   976 | D:2      | Learned a level 3 spell: Mephitic Cloud
  1717 | D:3      | Found an ancient bone altar of Kikubaaqudgha.
  1760 | D:3      | Found a snail-covered altar of Cheibriados.
  2024 | D:3      | Identified the -2 hat "Huera" {Harm rPois rC- rN+++}
  2073 | D:3      | Mangled by a gnoll

Illustrated notes

Levels and vault maps discovered:
D:1:      amcnicky_arrival_flooded_fountain, layout_basic
D:2:      layout_basic, hangedman_decor_growths, st_stairs_4, corexii_shack,
          kennysheep_decorative_pillar
D:3:      layout_basic, kiku_gazebo_pond_becter, mainiacjoe_overflow_paths

Skill      XL: |  1  2  3  4 |
---------------+-------------+-----
Stealth        | 3 4 |  4.0
Poison Magic   | 4 |  4.4
Short Blades   | |  0.1
Dodging        | |  2.9
Spellcasting   | |  2.8
Transmutations | |  1.0
Air Magic      | |  0.5

Action                     |  1- 3 |  4- 6 || total
---------------------------+-------+-------++-------
  Melee: Unarmed           |    32 |    33 ||    65
         Constrict         |     9 |    10 ||    19
         Tentacles         |    12 |    12 ||    24
         Punch             |     1 |     1 ||     2
         Short sword       |       |     6 ||     6
   Cast: Sting             |    27 |    11 ||    38
         Poisonous Vapours |       |    11 ||    11
   Stab: Sleeping          |     3 |     5 ||     8
 Armour: Skin              |     6 |     2 ||     8
  Dodge: Dodged            |    17 |    31 ||    48
